Map: Magma Mines

Players

leetkekus

  • Race: Protoss Protoss

iLovePlov

  • Race: Terran Terran

Gracz - Winner!

  • Race: Protoss Protoss

IamANorth - Winner!

  • Race: Protoss Protoss

VOD

Have the link to the VOD?

Description

Time

  • Played on: May 2, 2016, 10:27 a.m.
  • Length: 13:23
Show
View Real Time Build Order
Export as new Build Order

leetkekus Protoss 

Build Orders: Double Forge 

Get SALT Encoding   

  12  0:03  Probe (Chrono Boost)  
  13  0:14  Probe (Chrono Boost)  
  14  0:22  Pylon  
  14  0:40  Assimilator  
  14  0:43  Gateway  
  14  0:45  Probe (Chrono Boost)  
  15  0:56  Probe (Chrono Boost)  
  16  1:01  Assimilator  
  16  1:06  Pylon  
  16  1:07  Probe (Chrono Boost)  
  17  1:17  Probe (Chrono Boost)  
  18  1:29  Probe (Chrono Boost)  
  19  1:40  Cybernetics Core  
  19  1:43  Probe (Chrono Boost)  
  21  1:54  Probe (Chrono Boost)  
  21  2:03  Gateway  
  21  2:04  Gateway  
  21  2:12  Probe (Chrono Boost)  
  23  2:23  Probe (Chrono Boost)  
  23  2:30  Gateway  
  23  2:34  Mothership Core (Chrono Boost)  
  25  2:38  Pylon  
  25  2:43  Warp Gate (Chrono Boost)  
  25  2:52  Robotics Facility  
  25  3:35  Forge  
  25  3:40  Forge  
  25  3:43  Pylon  
  25  3:46  Pylon  
  25  3:51  Nexus  
  25  3:53  Pylon  
  25  3:59  Observer  
  26  4:38  Immortal (Chrono Boost)  
  30  4:48  Protoss Ground Weapons Level 1  
  30  4:51  Protoss Ground Armor Level 1  
  29  5:14  Immortal (Chrono Boost)  
  33  5:23  Probe, Gateway  
  33  5:24  Gateway  
  33  5:26  Gateway  
  33  5:28  Probe  
  35  5:33  Probe  
  36  5:44  Probe  
  36  5:47  Observer (Chrono Boost)  
  38  5:55  Probe  
  39  6:05  Probe  
  40  6:16  Probe  
  41  6:23  Gateway  
  41  6:26  Probe  
  42  6:37  Probe  
  43  6:48  Probe  
  44  6:58  Probe  
  45  7:05  Adept x4  
  45  7:06  Adept x2  
  57  7:19  Twilight Council  
  57  7:41  Stalker  
  57  7:42  Stalker x5  
  69  8:00  Protoss Shields Level 1  
  69  8:02  Protoss Ground Armor Level 2  
  69  8:06  Stalker  
  69  8:07  Stalker x3  
  77  8:27  Blink  
  77  8:37  Assimilator  
  77  8:41  Assimilator  
  77  9:03  Pylon x2  
  77  9:05  Pylon  
  77  9:08  Pylon  
  77  9:09  Pylon  
  77  10:08  Stalker x3  
  77  10:09  Stalker  
  85  10:28  Resonating Glaives, Immortal (Chrono Boost)  
  51  11:23  Warp Prism (Chrono Boost)  
  49  11:56  Stalker x2  
  49  11:57  Stalker  
  49  11:58  Stalker x2  
  25  12:23  Stalker x3  
  25  12:24  Stalker x2  
  23  12:45  Mothership Core  
Show
View Real Time Build Order
Export as new Build Order

iLovePlov Terran 

Build Orders:  

Get SALT Encoding   

  12  0:02  SCV  
  13  0:22  SCV  
  13  0:23  Supply Depot  
  14  0:35  SCV  
  15  0:47  SCV  
  15  0:49  Barracks  
  16  0:54  Barracks  
  16  1:03  SCV  
  17  1:19  SCV  
  18  1:31  SCV  
  19  1:38  Barracks  
  19  1:41  Refinery  
  19  1:43  SCV  
  19  1:44  Refinery  
  20  1:55  SCV  
  21  2:07  SCV  
  22  2:15  Barracks Tech Lab  
  22  2:17  Marine  
  23  2:32  Supply Depot  
  23  2:40  Barracks Reactor  
  23  2:45  Barracks Tech Lab  
  24  3:01  Supply Depot  
  24  3:02  Orbital Command  
  23  3:08  Factory  
  23  3:17  Factory  
  23  3:24  Marine x2  
  23  3:25  Marauder  
  27  3:28  Marauder  
  29  3:47  Marine x2  
  31  3:50  Marauder  
  31  3:51  Marauder  
  35  4:02  Supply Depot  
  35  4:05  Marine x2  
  37  4:20  Factory Tech Lab  
  37  4:21  Factory Tech Lab  
  37  4:24  Marine x2  
  37  4:25  Marauder  
  37  4:26  Marauder  
  37  4:31  Supply Depot  
  43  4:40  Starport  
  43  4:44  Siege Tank  
  46  4:58  Siege Tank  
  49  5:17  Command Center  
  49  5:24  Marine x2  
  49  5:26  Marauder  
  53  5:30  Marauder  
  55  5:38  Supply Depot  
  55  6:00  Combat Shields  
  55  6:09  Supply Depot, Siege Tank  
  58  6:13  Siege Tank  
  58  6:16  Supply Depot  
  61  6:43  Starport Reactor  
  61  7:05  Engineering Bay  
  61  7:24  Marine x2  
  61  7:25  Marauder  
  61  7:26  Marauder  
  66  7:46  Siege Tank  
  66  7:47  Siege Tank  
  72  7:55  Viking x2  
  76  8:02  SCV  
  77  8:08  Supply Depot  
  77  8:15  SCV  
  78  8:25  Viking x2  
  78  8:27  SCV  
  83  8:32  Refinery  
  83  8:33  Refinery  
  83  8:39  SCV  
  83  8:40  Supply Depot  
  84  8:51  SCV  
  85  8:59  Viking  
  85  9:01  Viking  
  89  9:07  SCV  
  84  9:51  Viking x2  
  87  10:10  Missile Turret  
  87  10:43  Missile Turret  
  87  10:48  Viking x2  
  87  11:17  Marine x2  
  88  11:19  Marauder x2  
  88  11:24  Viking  
  87  11:35  Marine x2  
  29  12:00  Siege Tank  
  27  12:10  Viking  
  27  12:19  Viking  
Show
View Real Time Build Order
Export as new Build Order

Gracz Protoss - Winner!

Build Orders:  

Get SALT Encoding   

  12  0:02  Probe (Chrono Boost)  
  13  0:24  Pylon  
  13  0:27  Assimilator, Probe (Chrono Boost)  
  14  0:37  Probe (Chrono Boost)  
  15  0:49  Gateway  
  15  1:13  Gateway  
  15  1:19  Gateway  
  15  1:23  Gateway  
  15  1:42  Probe (Chrono Boost)  
  16  1:52  Cybernetics Core  
  16  1:53  Probe (Chrono Boost)  
  17  2:03  Probe (Chrono Boost)  
  18  2:14  Probe (Chrono Boost)  
  19  2:22  Assimilator  
  19  2:24  Probe (Chrono Boost)  
  20  2:37  Nexus  
  20  2:47  Warp Gate (Chrono Boost)  
  20  2:52  Sentry  
  22  3:19  Pylon  
  22  3:29  Pylon  
  22  3:33  Assimilator  
  22  3:35  Assimilator  
  22  3:38  Sentry x2  
  26  4:20  Probe  
  27  4:29  Mothership Core  
  27  4:31  Probe  
  30  4:41  Probe  
  31  4:52  Pylon, Probe  
  32  5:23  Probe  
  33  5:33  Probe  
  34  5:43  Stargate  
  34  5:44  Probe  
  34  5:47  Stargate  
  34  5:48  Stargate  
  35  6:01  Stargate  
  35  6:07  Stargate  
  35  6:10  Stargate  
  35  6:19  Probe  
  35  6:23  Probe  
  37  6:30  Probe  
  38  6:35  Probe  
  39  6:40  Probe  
  40  6:48  Probe  
  40  6:51  Probe  
  42  7:02  Probe  
  43  7:09  Stalker x2  
  43  7:10  Stalker x2  
  51  7:46  Void Ray  
  51  7:47  Void Ray  
  59  8:01  Sentry  
  61  8:12  Pylon  
  61  8:22  Pylon  
  61  8:28  Fleet Beacon  
  61  8:30  Void Ray x2  
  69  8:39  Void Ray x2  
  77  9:07  Pylon  
  77  10:17  Void Ray x2  
  85  10:27  Pylon  
  85  10:31  Pylon  
  85  10:44  Void Ray x2  
  85  10:49  Void Ray x2  
  101  10:59  Pylon  
  99  11:17  Void Ray x2  
  107  11:33  Void Ray  
  75  12:22  Void Ray x6  
Show
View Real Time Build Order
Export as new Build Order

IamANorth Protoss - Winner!

Build Orders: 1 Gate Expand, Double Forge 

Get SALT Encoding   

  12  0:05  Probe (Chrono Boost)  
  13  0:15  Probe (Chrono Boost)  
  13  0:18  Pylon  
  14  0:26  Probe (Chrono Boost)  
  15  0:37  Gateway  
  15  0:41  Assimilator  
  15  0:43  Probe (Chrono Boost)  
  16  0:53  Probe (Chrono Boost)  
  18  1:04  Probe (Chrono Boost)  
  18  1:14  Probe (Chrono Boost)  
  19  1:26  Nexus  
  19  1:29  Probe (Chrono Boost)  
  20  1:40  Cybernetics Core  
  20  1:44  Probe (Chrono Boost)  
  21  1:54  Pylon  
  21  1:55  Probe (Chrono Boost)  
  22  2:06  Probe (Chrono Boost)  
  23  2:08  Assimilator  
  23  2:18  Mothership Core (Chrono Boost)  
  23  2:19  Warp Gate (Chrono Boost)  
  23  2:21  Adept  
  27  2:31  Gateway  
  27  2:37  Probe (Chrono Boost)  
  28  2:39  Probe (Chrono Boost)  
  29  2:51  Adept  
  29  2:53  Probe (Chrono Boost)  
  29  2:56  Probe (Chrono Boost)  
  33  3:03  Assimilator, Probe (Chrono Boost)  
  34  3:06  Probe (Chrono Boost)  
  34  3:07  Pylon  
  35  3:14  Probe (Chrono Boost)  
  35  3:17  Probe (Chrono Boost)  
  35  3:18  Adept  
  39  3:21  Adept  
  39  3:24  Probe (Chrono Boost)  
  42  3:28  Probe (Chrono Boost)  
  43  3:35  Probe (Chrono Boost)  
  43  3:38  Probe (Chrono Boost)  
  43  3:39  Robotics Facility  
  45  3:45  Stalker, Probe (Chrono Boost)  
  45  3:47  Probe  
  48  3:49  Stalker  
  48  3:55  Assimilator  
  51  3:57  Probe  
  51  3:58  Pylon, Probe  
  53  4:09  Probe  
  54  4:15  Probe  
  55  4:21  Probe  
  56  4:25  Probe  
  57  4:34  Stalker x2  
  57  4:37  Observer  
  62  4:45  Pylon x2  
  62  4:49  Forge  
  62  4:50  Forge  
  62  4:52  Twilight Council  
  62  5:01  Probe  
  62  5:03  Observer, Probe  
  62  5:05  Stalker x2  
  69  5:10  Nexus  
  69  5:11  Pylon  
  69  5:12  Pylon  
  69  5:14  Probe  
  69  5:16  Probe  
  71  5:24  Observer  
  71  5:25  Pylon, Probe  
  71  5:27  Assimilator  
  71  5:28  Probe  
  74  5:31  Assimilator  
  74  5:35  Probe  
  74  5:40  Probe  
  76  5:44  Protoss Ground Armor Level 1 (Chrono Boost)  
  76  5:45  Zealot x2  
  76  5:46  Immortal  
  76  5:47  Charge (Chrono Boost)  
  76  5:49  Protoss Ground Weapons Level 1 (Chrono Boost)  
  84  5:57  Gateway  
  84  6:01  Gateway  
  84  6:02  Gateway  
  84  6:05  Gateway  
  83  6:18  Stalker x2  
  83  6:25  Probe x3  
  90  6:35  Probe  
  90  6:37  Probe x2  
  93  6:46  Probe  
  93  6:49  Probe x2  
  93  6:52  Warp Prism (Chrono Boost)  
  98  6:56  Probe  
  99  7:05  Pylon  
  99  7:08  Pylon  
  99  7:13  Pylon  
  99  7:16  Pylon  
  99  7:18  Protoss Shields Level 1  
  99  7:22  Blink  
  98  7:25  Immortal (Chrono Boost)  
  102  7:35  Stalker x2  
  102  7:36  Pylon, Stalker x2  
  110  7:40  Pylon  
  110  7:41  Protoss Ground Armor Level 2  
  110  7:54  Zealot  
  112  8:09  Stalker  
  112  8:10  Stalker x3  
  124  8:12  Immortal (Chrono Boost)  
  124  8:22  Robotics Facility  
  124  8:24  Robotics Bay, Gateway  
  124  8:26  Gateway x2  
  124  8:33  Gateway x2, Probe  
  124  8:34  Probe x2  
  124  8:35  Gateway  
  124  8:37  Gateway  
  127  8:43  Probe  
  127  8:46  Probe x2  
  127  8:47  Immortal (Chrono Boost)  
  134  8:54  Protoss Ground Weapons Level 2, Probe  
  134  8:56  Stalker x2  
  134  8:58  Probe  
  140  9:11  Nexus  
  140  9:13  Stalker  
  142  9:20  Disruptor (Chrono Boost)  
  142  9:22  Disruptor (Chrono Boost)  
  148  9:42  Zealot  
  148  9:43  Zealot x6  
  162  9:51  Disruptor (Chrono Boost)  
  165  9:55  Pylon  
  165  9:56  Pylon  
  165  9:58  Pylon  
  165  9:59  Pylon  
  164  10:01  Pylon x2  
  166  10:18  Disruptor (Chrono Boost)  
  166  10:22  Disruptor (Chrono Boost), Pylon  
  169  10:29  Pylon  
  169  10:32  Assimilator  
  169  10:33  Assimilator  
  169  10:39  Robotics Facility  
  169  10:40  Robotics Facility, Pylon  
  169  10:44  Photon Cannon  
  169  10:47  Photon Cannon  
  172  10:50  Photon Cannon  
  172  10:53  Disruptor (Chrono Boost)  
  158  11:12  Disruptor (Chrono Boost)  
  160  11:29  Disruptor (Chrono Boost)  
  117  12:07  Stalker x3  
  117  12:08  Stalker x5  
  123  12:09  Stalker x2  
  123  12:11  Stalker x2  
  130  12:25  Stalker  
  130  12:28  Disruptor (Chrono Boost)  
  138  12:31  Disruptor (Chrono Boost)  
  138  12:34  Observer x2 (Chrono Boost)  
  140  12:41  Nexus  
  140  12:43  Assimilator  
  140  12:47  Assimilator  
  140  12:49  Pylon  
  140  12:52  Observer (Chrono Boost)  
  141  13:04  Nexus  
  141  13:07  Assimilator  
  141  13:09  Assimilator  
  141  13:12  Zealot x2  
  143  13:13  Zealot x5  
  143  13:14  Zealot x4  
  143  13:15  Zealot x2  
Tags
 
Add a new tag
Caveats
  • Supply blocks, unpowered buildings, or Contaminate may cause inaccurate times.
  • Supply counts are checked every 10 seconds.